 Dungeon Crawl Stone Soup version 0.21.1-1-g345015f (webtiles) character file.

69 Fang the Skirmisher (level 4, -2/29 HPs)
             Began as a Gargoyle Berserker on June 6, 2018.
             Was a Follower of Trog.
             Slain by a goblin (5 damage)
             ... led by Robin
             ... on level 2 of the Dungeon.
             The game lasted 00:00:45 (839 turns).

Fang the Skirmisher (Gargoyle Berserker)             Turns: 839, Time: 00:00:46

Health: -2/29      AC:  5    Str: 21    XL:     4   Next: 20%
Magic:  4/4        EV: 12    Int:  8    God:    Trog [*.....]
Gold:   52         SH:  0    Dex:  9    Spells: 3/3 levels left

rFire    . . .     SeeInvis .   a - +0 hand axe
rCold    . . .     Gourm    .   (no shield)
rNeg     + . .     Faith    .   b - +0 animal skin
rPois    ∞         Spirit   .   (no helmet)
rElec    +         Reflect  .   (no cloak)
rCorr    .         Harm     .   (no gloves)
MR       .....                  (no boots)
Stlth    +.........             (no amulet)
HPRegen  0.09/turn              (no ring)
MPRegen  0.09/turn              (no ring)

@: no status effects
A: negative energy resistance 1, electricity resistance, unbreathing,
petrification resistance, rot immunity, AC +3
a: Berserk, Burn Spellbooks, Renounce Religion


You were on level 2 of the Dungeon.
You worshipped Trog.
Trog was aware of your devotion.
You were not hungry.

You visited 1 branch of the dungeon, and saw 2 of its levels.

You collected 52 gold pieces.

Inventory:

Hand Weapons
 a - a +0 hand axe (weapon)
Missiles
 i - 8 javelins (quivered)
Armour
 b - a +0 animal skin (worn)
Jewellery
 m - an uncursed ring of protection from magic {unknown}
Scrolls
 e - 2 scrolls of teleportation {unknown}
 g - a scroll of identify {unknown}
 h - 2 scrolls of enchant weapon {unknown}
 j - a scroll of amnesia {unknown}
 l - 2 scrolls of remove curse {unknown}
Potions
 d - 2 potions of curing {unknown}
 f - a potion of degeneration {unknown}
 k - a potion of heal wounds
 n - a potion of lignification {unknown}
Comestibles
 c - 3 rations
 o - 2 chunks of flesh


   Skills:
 + Level 3.9 Fighting
 + Level 3.5 Axes
 + Level 2.3 Armour
 + Level 2.2 Dodging
 + Level 0.6 Stealth


You had 3 spell levels left.
You didn't know any spells.

Dungeon Overview and Level Annotations

Branches:
Dungeon (2/15)

Altars:

Annotations:
D:2 Robin


Innate Abilities, Weirdness & Mutations

You are resistant to torment.
Your stone body is resilient. (AC +3)
You are immune to poison.
You resist negative energy. (rN+)
You are resistant to electric shocks. (rElec)
You can survive without breathing.
You are immune to petrification.
You are immune to rotting.


Message History

The hobgoblin hits you but does no damage.
The goblin barely misses you. The goblin hits you but does no damage.
You hit the worm.
The worm is lightly wounded.
You hit the goblin. You barely miss the hobgoblin. You closely miss the goblin.
You barely miss the goblin. You hit the goblin. You hit Robin but do no damage.
Robin hits you with a short sword. The goblin hits you with a club.
The goblin barely misses you. The hobgoblin barely misses you.
The goblin hits you. The goblin hits you but does no damage.
The worm bites you!
* * * LOW HITPOINT WARNING * * *
You slash the worm!
The worm is heavily wounded.
You hit Robin. You closely miss the goblin. You hit the goblin.
You closely miss the goblin. You hit the hobgoblin.
You hit the goblin but do no damage. Robin throws the goblin at you!
The goblin hits you but does no damage. x2; The goblin hits you.
* * * LOW HITPOINT WARNING * * *
The hobgoblin closely misses you. The goblin hits you.
You die...

?.#..#...#...#
#...###....#.#
..#..#..##...#
..##...##...## .
##..#.....# ####
.........†(#####...#
........#..).......#.#
......!.#....ggg......
.............)@g......
........##...gwg......
.#.............
....##.......# .... .
.[....!..# ...
##.......# ...


You could see a worm, Robin, a hobgoblin and 6 goblins.

Vanquished Creatures
  Terence (D:2)
  An adder (D:2)
  A worm (D:2)
  A leopard gecko (D:1)
  8 goblins
  6 hobgoblins
  A quokka (D:2)
  5 bats
  A frilled lizard (D:1)
  5 kobolds
  3 rats
33 creatures vanquished.

Notes
Turn   | Place    | Note
-------+----------+-------------------------------------------
     0 | D:1      | Fang the Gargoyle Berserker began the quest for the Orb.
     0 | D:1      | Reached XP level 1. HP: 14/14 MP: 1/1
   260 | D:1      | Reached XP level 2. HP: 18/19 MP: 2/2
   776 | D:2      | Noticed Terence
   781 | D:2      | Reached XP level 3. HP: 21/24 MP: 3/3
   788 | D:2      | Killed Terence
   788 | D:2      | Reached XP level 4. HP: 29/29 MP: 4/4
   830 | D:2      | Noticed Robin
   839 | D:2      | Slain by a goblin

Skill      XL: |  1  2  3 |
---------------+----------+-----
Axes           | 3 |  3.5
Dodging        | 2 |  2.2
Fighting       | |  3.9
Armour         | |  2.3
Stealth        | |  0.6

Action                   |  1- 3 |  4- 6 || total
-------------------------+-------+-------++-------
Melee: Hand axe          |    63 |    11 ||    74
Invok: Berserk           |     1 |       ||     1
  Eat: Chunk             |       |     1 ||     1
Armor: Animal skin       |    31 |    13 ||    44
Dodge: Dodged            |    50 |    19 ||    69
